 Dungeon Crawl Stone Soup version 0.26.1-11-gd32895ea62 (webtiles) character file.

Game seed: 17897674796348634013

60 Zeld the Cudgeller (level 3, 0/30 HPs)
             Began as a Draconian Gladiator on June 12, 2021.
             Slain by a gnoll
             ... wielding a +0 spear
              (3 damage)
             ... on level 1 of the Dungeon.
             The game lasted 00:01:33 (2138 turns).

Zeld the Cudgeller (Draconian Gladiator)            Turns: 2138, Time: 00:01:34

Health: 0/30       AC:  6    Str: 17    XL:     3   Next: 82%
Magic:  3/3        EV: 13    Int:  8    God:
Gold:   69         SH:  0    Dex: 12    Spells: 2/2 levels left

rFire    . . .     SeeInvis .   a - +0 flail
rCold    . . .     Faith    .   (no shield)
rNeg     . . .     Spirit   .   (armour unavailable)
rPois    .         Reflect  .   b - +0 hat
rElec    .         Harm     .   (no cloak)
rCorr    .         Rampage  .   (no gloves)
Will     .....                  j - +0 pair of boots
Stlth    +.........             (no amulet)
HPRegen  0.10/turn              (no ring)
MPRegen  0.08/turn              (no ring)

@: no status effects
A: unfitting armour, cold-blooded, AC +5
a: no special abilities


You were on level 1 of the Dungeon.
You visited 1 branch of the dungeon, and saw 2 of its levels.

You collected 69 gold pieces.

Inventory:

Hand Weapons
 a - a +0 flail (weapon)
Missiles
 c - 3 throwing nets (quivered)
 e - 48 stones
Armour
 b - a +0 hat (worn)
 j - a +0 pair of boots (worn)
Jewellery
 f - an uncursed ring of flight {unknown}
Scrolls
 g - 4 scrolls of identify {unknown}
 i - a scroll of blinking {unknown}
 k - a scroll of fear {unknown}
 p - a scroll of enchant armour {unknown}
 q - a scroll of remove curse {unknown}
 r - a scroll of teleportation {unknown}
Potions
 d - a potion of attraction {unknown}
 h - a potion of magic {unknown}
 l - a potion of heal wounds {unknown}
 m - a potion of lignification {unknown}
 n - a potion of ambrosia {unknown}
 o - a potion of curing {unknown}


   Skills:
 + Level 2.7 Fighting
 * Level 3.7 Maces & Flails
 * Level 2.5 Throwing
 + Level 3.0 Dodging


You had 2 spell levels left.
You didn't know any spells.
Your spell library was empty.

Dungeon Overview and Level Annotations

Branches:
Dungeon (2/15)

Altars:


Innate Abilities, Weirdness & Mutations

Your plain brown scales are hard. (AC +5)
You cannot fit into any form of body armour.
You are cold-blooded and may be slowed by cold attacks.


Message History

You start waiting.
Done waiting.
You climb downwards.
The gnoll barely misses you. The gnoll hits you with a +0 spear!
The gnoll hits you from afar with a cursed -2 halberd.
The gnoll completely misses you.
There is a stone staircase leading up here.
The gnoll hits you but does no damage. The gnoll misses you. x2
You climb upwards.
There is a stone staircase leading down here.
The gnoll closely misses you.
A gnoll is nearby!
A gnoll is nearby!
You see here a mace.
A gnoll is nearby!
The gnoll hits you with a +0 spear.
You closely miss the gnoll. The gnoll hits you with a +0 spear!
* * * LOW HITPOINT WARNING * * *
You hit the gnoll but do no damage. The gnoll hits you with a +0 spear.
You die...

#)###.###....รท........########
#.# #............##...........
#.# #####........##...........
#.# #####........###.#########
#.# #......#.##### #.# #.#
#.###.##)# #.# #)# #.###.##.#
#.# #.# #.......)#######.#
#.#######.##.@.....>.#
#.........##g#########
############.# #.# #)# #.# #.#
#.# #.#


You could see a gnoll.

Vanquished Creatures
  An adder (D:2)
  An ooze (D:1)
  A worm (D:2)
  A dart slug (D:2)
  A leopard gecko (D:1)
  4 giant cockroaches (D:1)
  4 goblins
  4 hobgoblins (D:1)
  6 kobolds
  7 bats
  4 frilled lizards
  7 rats
41 creatures vanquished.

Notes
Turn   | Place    | Note
-------+----------+-------------------------------------------
     0 | D:1      | Zeld the Draconian Gladiator began the quest for the Orb.
     0 | D:1      | Reached XP level 1. HP: 17/17 MP: 1/1
   258 | D:1      | Reached XP level 2. HP: 25/25 MP: 2/2
   761 | D:1      | Reached XP level 3. HP: 30/30 MP: 3/3
  2138 | D:1      | Slain by a gnoll

Illustrated notes

Levels and vault maps discovered:
D:1:      dpeg_arrival_erosion, layout_loops_ring
D:2:      layout_loops_cross, minmay_ruptured

Skill      XL: |  1  2  3 |
---------------+----------+-----
Throwing       | 2 |  2.5
Dodging        | 3 |  3.0
Fighting       | |  2.7
Maces & Flails | |  3.7

Action                   || total
-------------------------++-------
Melee: Flail             ||   128
       Tailslap          ||    12
Armor: Skin              ||    45
Dodge: Dodged            ||   124
